 Dungeon Crawl Stone Soup version 0.21-a0-442-g848f44b (webtiles) character file.

65 vishdafish the Charmwright (level 3, -7/28 HPs)
             Began as a Demonspawn Skald on Nov 12, 2017.
             Killed from afar by an orc wizard (9 damage)
             ... with a magic dart
             ... on level 3 of the Dungeon.
             The game lasted 00:02:37 (1837 turns).

vishdafish the Charmwright (Demonspawn Skald)       Turns: 1837, Time: 00:02:38

Health: -7/28      AC:  7    Str: 11    XL:     3   Next: 94%
Magic:  11/15      EV: 11    Int: 18    God:
Gold:   148        SH:  0    Dex: 12    Spells: 5/6 levels left

rFire    . . .     SeeInvis .   a - +0 hand axe
rCold    . . .     Gourm    .   (no shield)
rNeg     . . .     Faith    .   b - +0 leather armour
rPois    .         Spirit   .   s - +1 helmet {Int+3}
rElec    .         Reflect  .   (no cloak)
rCorr    .         Harm     .   (no gloves)
MR       .....                  (no boots)
Stlth    +.........             (no amulet)
HPRegen  0.09/turn              i - ring of magical power
MPRegen  0.14/turn              (no ring)

@: hasted, heavily drained, very quick
A: slimy green scales 1, rot immunity
a: no special abilities


You were on level 3 of the Dungeon.
You were not hungry.

You visited 1 branch of the dungeon, and saw 3 of its levels.

You collected 148 gold pieces.

Inventory:

Hand Weapons
 a - a +0 hand axe (weapon)
Armour
 b - a +0 leather armour (worn)
 s - a +1 helmet of intelligence (worn)
Jewellery
 i - a ring of magical power (left hand)
 k - an uncursed amulet of harm
Scrolls
 f - a scroll of random uselessness {unknown}
 g - 3 scrolls of identify {unknown}
 j - 2 scrolls of enchant weapon {unknown}
 o - 3 scrolls of remove curse {unknown}
 p - 2 scrolls of amnesia {unknown}
 r - a scroll of magic mapping {unknown}
Potions
 e - 2 potions of haste
 h - 2 potions of curing {unknown}
 l - a potion of brilliance {unknown}
 n - a potion of berserk rage {unknown}
 t - a potion of mutation {unknown}
 u - a potion of flight {unknown}
 v - a potion of might {unknown}
Books
 c - a book of Battle

   Spells                             Type                      Level
   a - Infusion                       Charms                       1
   b - Shroud of Golubria             Charms/Translocation         2
   c - Song of Slaying                Charms                       2
   d - Spectral Weapon                Hexes/Charms                 3
   e - Regeneration                   Charms/Necromancy            3
Comestibles
 d - a bread ration
 m - 3 fruits
 q - a meat ration


   Skills:
 + Level 2.4(1.2) Fighting
 * Level 2.6(1.4) Axes
 + Level 1.4(0.2) Armour
 + Level 2.3(1.1) Dodging
 - Level 2.0(0.8) Spellcasting
 + Level 3.0(1.8) Charms


You had 5 spell levels left.
You knew the following spells:

 Your Spells              Type           Power        Failure   Level  Hunger
a - Infusion              Chrm           #...         13%         1    ##.....


Dungeon Overview and Level Annotations

Branches:
Dungeon (3/15)

Altars:


Innate Abilities, Weirdness & Mutations

You are partially covered in slimy green scales. (AC +2)
You are immune to rotting.


Message History

You barely miss the orc wizard.
The orc wizard is heavily wounded.
The orc wizard hits you with a dagger.
* * * LOW HITPOINT WARNING * * *
The orc wizard gestures wildly while chanting.
The orc wizard blinks!
You barely miss the orc wizard.
The orc wizard is heavily wounded.
The orc wizard casts a spell at you. The magic dart hits you!
* * * LOW HITPOINT WARNING * * *
The orc wizard hits you with a dagger.
* * * LOW HITPOINT WARNING * * *
Unknown command.
It was a potion of haste.
You feel yourself speed up.
The orc wizard gestures wildly while chanting.
The orc wizard blinks!
The orc wizard casts a spell at you. The magic dart hits you!
You die...

#.#.# #.#.# #.#.####
#.#.#... #.#.....
#....... #####......
#.#############..†..#....
#.......@o.o..§.###......
################# ##.....
##.[.. ##... ####


You could see 2 orc wizards.

Vanquished Creatures
  An ooze (D:1)
  A worm (D:2)
  3 dart slugs
  A leopard gecko (D:1)
  An orc (D:3)
  4 giant cockroaches
  8 goblins
  6 hobgoblins
  7 kobolds
  2 quokkas (D:2)
  3 bats
  3 frilled lizards
  7 rats
47 creatures vanquished.

Notes
Turn   | Place    | Note
-------+----------+-------------------------------------------
     0 | D:1      | vishdafish the Demonspawn Skald began the quest for the Orb.
     0 | D:1      | Reached XP level 1. HP: 16/16 MP: 3/3
    69 | D:1      | Reached skill level 1 in Armour
   147 | D:1      | Gained mutation: You are partially covered in slimy green scales. (AC +2) [demonic ancestry]
   147 | D:1      | Reached XP level 2. HP: 22/22 MP: 2/5
   675 | D:1      | Gained mutation: You are immune to rotting. [demonic ancestry]
   675 | D:1      | Reached XP level 3. HP: 27/27 MP: 6/6
  1327 | D:2      | Reached skill level 3 in Charms
  1836 | D:3      | HP: 1/28 [orc wizard/dagger (1)]
  1837 | D:3      | Killed from afar by an orc wizard

Vault maps used:
D:1:      lemuel_arrival_muddy
D:3:      good_gods_mini_temple, minmay_misc_feat_columns

Skill      XL: |  1  2  3 |
---------------+----------+-----
Armour         | 1 |  1.4
Axes           | 2 |  2.6
Dodging        | 2 |  2.3
Charms         | 3 |  3.0
Fighting       | |  2.4
Spellcasting   | |  2.0

Action                   || total
-------------------------++-------
Melee: Hand axe          ||   146
 Cast: Infusion          ||     4
  Use: Potion            ||     1
  Eat: Chunk             ||     3
Armor: Leather armour    ||    53
Dodge: Dodged            ||    83

Table legend:
 A = Spawn XP
 B = Non-spawn XP
 C = Spawn XP percentage of total XP
 D = Spawn monster count
 E = Non-spawn monster count
 F = Spawn count percentage of total count
 G = Total turns spent on level
                    A         B        C        D         E        F      G
               +---------+---------+-------+---------+---------+-------+---------
         Total |       0 |      94 |   0.0 |       0 |      47 |   0.0 |  1837
               +---------+---------+-------+---------+---------+-------+---------
           D:1 |       0 |      49 |   0.0 |       0 |      24 |   0.0 |   975
           D:2 |       0 |      32 |   0.0 |       0 |      15 |   0.0 |   764
           D:3 |       0 |      13 |   0.0 |       0 |       8 |   0.0 |    98
               +---------+---------+-------+---------+---------+-------+---------
